 Dungeon Crawl Stone Soup version 0.13.0-5-g7e31f0a (webtiles) character file.

656918 HungrySpirit the Conqueror (level 27, -9/276 HPs)
             Began as a Minotaur Gladiator on Oct 13, 2013.
             Was the Champion of the Shining One.
             Mangled by an iron troll (32 damage)
             ... summoned by the rage of Trog
             ... on Level 5 of Tartarus on Oct 14, 2013.
             The game lasted 04:48:22 (88894 turns).

HungrySpirit the Conqueror (Minotaur Gladiator)    Turns: 88894, Time: 04:48:22

HP  -9/276       AC 39     Str 32      XL: 27
MP  38/38        EV 11     Int  8      God: the Shining One [******]
Gold 7880        SH 14     Dex 11      Spells:  0 memorised, 26 levels left

Res.Fire  : + + .   See Invis. : .   G - +7 executioner's axe (holy)
Res.Cold  : + + .   Warding    : .   Q - +5 gold dragon armour
Life Prot.: + + +   Conserve   : .   (no shield)
Res.Poison: +       Res.Corr.  : .   F - -1 cap {Int+3} (curse)
Res.Elec. : +       Clarity    : .   e - +0 cloak
Sust.Abil.: + .     Spirit.Shd : .   (no gloves)
Res.Mut.  : +       Stasis     : .   B - +0 pair of boots "Pauweyw" {rElec rF+ rC+}
Res.Rott. : .       Flight     : .   I - amulet of resist mutation
Saprovore : . . .                    X - ring of sustain abilities
                                     o - +5,+6 ring of slaying

@: glowing, quite resistant to hostile enchantments, extremely unstealthy
A: retaliatory headbutt, horns 2, fast metabolism 1, mutation resistance 1, AC
+4, Dex -1
a: Divine Shield, Cleansing Flame, Summon Divine Warrior, Renounce Religion
}: 4/15 runes: decaying, serpentine, slimy, silver


You were on level 5 of Tartarus.
You worshipped the Shining One. the Shining One was exalted by your worship.
You were not hungry.

You visited 14 branches of the dungeon, and saw 80 of its levels.
You visited the Abyss 1 time.
You visited 2 bazaars.
You also visited: Wizlab.

You collected 10264 gold pieces.
You spent 2404 gold pieces at shops.

Inventory:

Hand weapons
 G - a +7,+7 executioner's axe of holy wrath (weapon)
Armour
 e - a +0 cloak (worn)
 B - the +0 pair of boots "Pauweyw" (worn) {rElec rF+ rC+}
   (You found it on level 3 of the Snake Pit)

   It protects you from fire.
   It protects you from cold.
   It insulates you from electricity.
 F - a cursed -1 cap of intelligence (worn)
 Q - a +5 gold dragon armour (worn)
Magical devices
 n - a wand of disintegration (15)
 p - a wand of heal wounds (9)
 t - a wand of hasting (9)
 K - a wand of teleportation (8)
 N - a wand of teleportation (5)
 W - a wand of digging (2)
Comestibles
 f - 25 bread rations
 C - 2 royal jellies
Scrolls
 j - 3 scrolls of identify
 v - 4 scrolls of teleportation
Jewellery
 c - a +0,+5 ring of slaying
 d - the ring "Twennais" {+Fly Str+3 Dex+4 Int+3}
   (You found it on level 6 of the Pits of Slime)

   [ring of flight]

   It affects your strength (+3).
   It affects your intelligence (+3).
   It affects your dexterity (+4).
 m - the amulet "Uvah" {Cons +Blink Dex+2}
   (You bought it in a shop in a bazaar)

   [amulet of conservation]

   It affects your dexterity (+2).
   It lets you blink.
 o - a +5,+6 ring of slaying (left hand)
 I - an amulet of resist mutation (around neck)
 O - the ring of Khucuips {+Fly rC+ Stlth-}
   (You found it on level 16 of the Dungeon)

   [ring of flight]

   It protects you from cold.
   It makes you much less stealthy.
 X - a ring of sustain abilities (right hand)
Potions
 a - 2 potions of magic
 g - a potion of flight
 q - 4 potions of heal wounds
 r - 2 potions of curing
 s - 2 potions of restore abilities
 w - a potion of speed
 z - 4 potions of might
 D - 2 potions of berserk rage
 J - a potion of agility
 R - 3 potions of resistance


   Skills:
 O Level 27 Fighting
 O Level 27 Axes
 - Level 2.0 Throwing
 O Level 27 Armour
 - Level 20.6 Dodging
 * Level 16.8 Invocations


You had 26 spell levels left.
You didn't know any spells.

Dungeon Overview and Level Annotations

Branches:
Dungeon (27/27)            Temple (1/1) D:6             Orc (4/4) D:10
    Elf (3/3) Orc:3          Lair (8/8) D:13          Swamp (5/5) Lair:4
  Snake (5/5) Lair:5        Slime (6/6) Lair:6       Vaults (5/5) D:18
  Blade (1/1) Vaults:3      Crypt (5/5) Vaults:2       Tomb (0/3) Crypt:2
    Dis (0/7) Hell            Geh (0/7) Hell            Coc (0/7) Hell
    Tar (5/7) Hell            Zot (4/5) D:27

Altars:
Ashenzari
Cheibriados
Elyvilon
Fedhas
Kikubaaqudgha
Makhleb
Nemelex Xobeh
Okawaru
Sif Muna
Trog
Vehumet
Xom
Zin
the Shining One
Beogh

Shops:
D:6 +   D:9 =   D:10 %   D:15 **?   D:17 =[}[[   D:18 +   D:21 =   D:23 (
D:24 /   D:25 (   Orc:4 (+[[   Snake:5 (   Vaults:5 !%%*/

Portals:
Hell: D:21 D:22 D:23 D:24 D:25 D:26 D:27
Abyss: D:21 D:25 D:26 D:27
Pandemonium: D:23 D:24 D:27

Annotations:
D:10 exclusion: silver statue
D:11 1 exclusion
D:14 exclusion: Roxanne, Roxanne
Orc:3 exclusion: orange crystal statue
Elf:2 exclusion: ice statue
Lair:7 exclusion: oklob plant
Crypt:2 Mennas


Innate Abilities, Weirdness & Mutations

You reflexively headbutt those who attack you in melee.
You have a pair of horns on your head.
You are partially covered in rough black scales (AC +4, Dex -1).
You have a fast metabolism.
You are somewhat resistant to further mutation.


Message History

The iron troll is moderately wounded.
The iron troll bites you but does no damage.
The iron troll barely misses you. The iron troll claws you!
* * * LOW HITPOINT WARNING * * *
You slash the iron troll!
The iron troll is moderately wounded.
The iron troll bites you!
* * * LOW HITPOINT WARNING * * *
The iron troll misses you.
The iron troll claws you but does no damage.
Drink which item? (? for menu, Esc to quit)
You feel much better. The iron troll bites you!
* * * LOW HITPOINT WARNING * * *
The iron troll claws you!
* * * LOW HITPOINT WARNING * * *
The iron troll claws you but does no damage.
You slash the iron troll! Your headbutt misses the iron troll.
The iron troll is moderately wounded.
The iron troll bites you!
You die...

#.......#
#......##
#.......#
#......##
#.......#
#....#.##
#....#..#
#....#..#
#.#.##.@####
#### #..T..#
#...#.##
##..#..#
#....##
+.....
######


You could see an iron troll (berserk).

Vanquished Creatures
  the royal jelly (Slime:6)
  Dissolution (Slime:2)
  Saint Roka (D:21)
  Boris (thrice) (Vaults:2 Vaults:3 D:27)
  Sojobo (D:21)
  Margery (Snake:5)
  Mara (Vaults:4)
  Geryon (Hell)
  2 golden dragons
  Jory (Crypt:3)
  An electric golem (Zot:3)
  Xtahua (Crypt:1)
  Frederick (D:26)
  6 bone dragons
  Nikola (Elf:2)
  A Hell Sentinel (Elf:3)
  13 tentacled monstrosities
  3 titans
  2 deep elf blademasters (Elf:3)
  10 acid blobs
  2 deep elf master archers (Elf:3)
  An Executioner (Crypt:5)
  13 storm dragons
  4 sphinxes
  5 liches
  3 ancient champions
  Rupert (Swamp:3)
  Frances (D:27)
  Kirke (Snake:2)
  11 shadow dragons
  A draconian monk (Zot:2)
  4 revenants
  6 fire giants
  The ghost of Apsalar the Bludgeoner, a powerful MiFi of Okawaru (Swamp:2)
  Wiglaf (Snake:2)
  15 frost giants
  Maud (Lair:4)
  6 azure jellies
  An iron dragon (Vaults:5)
  2 draconian scorchers
  4 deep elf sorcerers (Elf:3)
  13 tengu reavers
  Louise (Swamp:1)
  A ghost moth (Zot:4)
  2 orc warlords
  2 draconian zealots
  18 vault wardens
  Jorgrun (Elf:2)
  2 draconian annihilators
  4 draconian shifters
  11 deep elf demonologists
  5 reapers (Hell)
  9 greater nagas
  43 stone giants
  2 vampire knights
  6 grey draconians
  A draconian caller (Zot:4)
  2 eidola
  4 green draconians
  2 white draconians (Zot:3)
  4 black draconians
  8 deep elf annihilators
  4 pale draconians
  3 yellow draconians
  2 red draconians
  6 mottled draconians
  2 purple draconians
  A green death (Swamp:5)
  14 deep elf death magi
  15 ettins
  Snorg (Vaults:1)
  A quicksilver dragon zombie (Crypt:3)
  12 dragons
  A spectral sphinx (Crypt:5)
  The ghost of Deemzul the Severer, a powerful OpBe of Trog (D:14)
  44 vault guards
  11 jiangshi
  A mummy priest (Crypt:5)
  50 yaktaur captains
  3 great orbs of eyes
  3 death oozes (Slime:6)
  2 deep elf high priests (Elf:3)
  4 dancing weapons (WizLab)
  Fannar (D:14)
  2 death cobs
  18 hydras
  Harold (Orc:2)
  14 ironheart preservers
  8 ice dragons
  Nessos (D:14)
  6 anacondas
  Erica (D:14)
  An anaconda (shapeshifter) (D:26)
  2 ravenous feature mimics
  A ravenous item mimic (Zot:3)
  A rakshasa (D:20)
  7 deep troll earth magi
  A death yak (shapeshifter) (Vaults:5)
  2 alligators (shapeshifter)
  A deep dwarf death knight (Crypt:3)
  8 vampire magi
  7 deep troll shamans
  16 ogre magi
  12 alligators
  5 orc high priests
  6 spectral elves
  5 hell hogs (Hell)
  2 plague shamblers
  13 very ugly things
  2 storm dragon zombies
  2 fire crabs
  A spectral dire elephant (Crypt:4)
  16 naga warriors
  Urug (D:13)
  5 sun demons
  26 centaur warriors
  10 iron golems
  3 iron trolls
  11 soul eaters
  3 shadow demons
  13 deep elf knights
  A spectral ancient bear (Crypt:4)
  5 ice devils
  3 shadow wraiths
  27 hell knights
  A titan skeleton (Crypt:2)
  A death drake (Zot:4)
  46 skeletal warriors
  3 sea snakes (Snake:5)
  A storm dragon skeleton (Crypt:4)
  An anaconda zombie (Crypt:1)
  An unseen horror (Vaults:1)
  A swamp dragon (shapeshifter) (Vaults:5)
  3 large abominations
  11 swamp dragons
  Erolcha (Vaults:1)
  A hill giant (shapeshifter) (Vaults:5)
  34 deep trolls
  6 wizards
  3 ice statues
  A spectral wolf spider (Crypt:4)
  The ghost of Bloax the Martial Artist, an experienced GrMo of Cheibriados (Orc:3)
  4 giant orange brains
  7 flaming corpses (Crypt:5)
  Pikel (D:6)
  2 shadow dragon zombies
  14 giant amoebae
  13 ironbrand convokers
  7 phantasmal warriors
  8 wolf spiders
  11 oklob plants (Zot:3)
  15 flayed ghosts
  3 red wasps
  5 fire giant zombies
  An anaconda skeleton (Crypt:1)
  2 wolf spider zombies
  12 necromancers
  11 hill giants
  5 orc sorcerers
  3 shining eyes
  2 frost giant zombies
  3 shadow dragon skeletons
  A spectral ettin (Crypt:4)
  A sphinx skeleton (Crypt:5)
  10 stone giant zombies
  A griffon (shapeshifter) (D:27)
  A hellion (Tar:5)
  A red wasp (shapeshifter) (D:26)
  8 deep elf conjurers
  7 spiny worms
  23 moths of wrath
  A dire elephant zombie (Crypt:1)
  A sixfirhy (Elf:3)
  31 orc knights
  2 cyclopes (shapeshifter)
  15 elephants
  An elf (shapeshifter) (D:26)
  A moth of wrath (shapeshifter) (D:25)
  6 cyclopes
  A black mamba (shapeshifter) (D:16)
  9 elves (Vaults:1)
  5 griffons
  A spiny frog (shapeshifter) (Vaults:3)
  A spiny worm (shapeshifter) (D:26)
  8 fire giant skeletons
  22 stone giant skeletons
  6 guardian serpents
  A storm dragon simulacrum (Vaults:5)
  17 vault sentinels
  2 frost giant skeletons
  A queen ant (Lair:8)
  34 black mambas
  An eye of devastation (Slime:2)
  11 deep elf summoners
  2 satyr skeletons
  21 spiny frogs
  A purple draconian zombie (Crypt:4)
  9 orange demons
  2 ancient bear zombies (Crypt:5)
  A dire elephant skeleton (Crypt:5)
  2 feature mimics
  A small abomination (Elf:3)
  A smoke demon (Elf:3)
  4 iron troll zombies
  4 iron devils
  13 deep elf priests
  5 fire drakes
  12 komodo dragons
  2 silent spectres
  13 trolls
  107 yaktaurs
  A death yak skeleton (Crypt:3)
  4 guardian mummies
  A hell beast (D:25)
  16 naga magi
  6 human zombies
  6 demonic crawlers
  A jumping spider (D:21)
  6 death drake zombies
  A sea snake skeleton (Crypt:4)
  2 ancient bear skeletons
  A white draconian skeleton (Crypt:2)
  4 wind drakes (Zot:4)
  5 iron troll skeletons
  4 red devils
  9 blue devils
  A harpy zombie (Crypt:5)
  3 polar bears
  A spriggan (shapeshifter) (Vaults:3)
  6 giant leeches
  A hydra zombie (D:15)
  A wind drake (shapeshifter) (Vaults:5)
  3 stone giant simulacra
  A raven (shapeshifter) (Vaults:5)
  23 two-headed ogres
  Prince Ribbit (D:6)
  12 brown oozes
  13 boulder beetles
  13 bog bodies
  3 basilisks
  A red wasp zombie (Crypt:5)
  An ettin zombie (Vaults:2)
  A dragon zombie (D:18)
  An ice dragon zombie (Crypt:4)
  A baby alligator (shapeshifter) (D:19)
  2 grizzly bears
  A trapdoor spider (D:20)
  2 redbacks (shapeshifter)
  2 griffon skeletons
  126 ugly things
  3 ettin skeletons
  A basilisk (shapeshifter) (D:19)
  7 blink frogs (Lair:8)
  97 slime creatures
  2 ravens
  7 dragon skeletons
  9 water elementals
  11 shadows
  2 tarantellas
  A blink frog (shapeshifter) (Vaults:3)
  2 ynoxinuls
  A griffon zombie (D:19)
  2 dryad skeletons (Crypt:3)
  14 flying skulls
  2 grizzly bears (shapeshifter)
  3 baby alligators (Swamp:1)
  3 hill giant zombies
  4 wyverns
  13 vampires
  13 air elementals (D:21)
  10 wraiths
  4 golden eyes
  A giant firefly zombie (Crypt:2)
  14 redbacks
  3 chaos spawn
  17 deep elf magi
  13 hippogriffs
  39 yaks
  5 neqoxecs
  A tarantella (shapeshifter) (D:27)
  2 elephant slugs
  7 sharks
  A hog (shapeshifter) (D:15)
  8 metal gargoyles (Hell)
  10 hungry ghosts
  31 deep elf fighters
  2 spiny worm zombies
  4 wolves
  A wolf (shapeshifter) (Vaults:5)
  4 hogs (Snake:2)
  A hill giant skeleton (Crypt:2)
  2 deep troll zombies
  A wind drake skeleton (Crypt:4)
  An agate snail zombie (Crypt:3)
  48 vampire mosquitoes
  2 rock worms
  3 manticores (shapeshifter)
  11 freezing wraiths
  A deep dwarf skeleton (Crypt:3)
  5 hell hounds (Tar:1)
  4 porcupines
  8 swamp drakes
  4 deep troll skeletons
  19 soldier ants
  44 swamp worms
  A baby alligator zombie (Crypt:4)
  A manticore (D:13)
  2 slaves (D:6)
  135 nagas
  2 necrophages
  3 mottled dragons
  2 boring beetles (Lair:8)
  58 orc warriors
  2 dwarves (D:7)
  3 sky beasts
  A spectral giant slug (Crypt:2)
  19 ice beasts
  71 ogres
  7 kobold demonologists
  25 giant goldfish
  17 humans
  A phantom (D:13)
  The ghost of hurdos the Firebug, an average DsFE (D:4)
  A spectral fire drake (Crypt:2)
  5 rotting devils
  48 water moccasins
  A boring beetle (shapeshifter) (Vaults:3)
  2 lava worms
  A merfolk skeleton (Crypt:3)
  Sigmund (D:2)
  A lost soul (Crypt:4)
  Duvessa (D:6)
  9 wargs
  15 crocodiles
  30 centaurs
  13 giant slugs
  4 big kobolds
  A brain worm (shapeshifter) (Vaults:2)
  4 yaktaur zombies
  Blork the orc (Orc:1)
  A brain worm (D:17)
  2 yaktaur skeletons
  27 giant frogs
  5 agate snails
  24 insubstantial wisps
  An eye of draining (shapeshifter) (Vaults:1)
  A manticore skeleton (D:7)
  A cyclops zombie (D:14)
  6 eyes of draining
  A hippogriff zombie (D:11)
  8 lava fish
  3 boulder beetle zombies
  3 yak zombies
  3 jellyfish
  A vampire bat (Lair:8)
  11 killer bees
  15 wights
  21 electric eels
  A yak skeleton (Crypt:3)
  5 goliath beetles
  Dowan (D:6)
  8 crimson imps
  A pulsating lump (shapeshifter) (Vaults:3)
  2 giant frog zombies
  A centaur zombie (D:6)
  A lava snake (D:26)
  4 quasits
  A basilisk skeleton (Crypt:2)
  17 jellies
  9 orange rats
  A water moccasin skeleton (Crypt:1)
  7 big fish
  8 iguanas
  An iron imp (Abyss:2)
  7 scorpions
  42 orc priests
  16 hounds
  42 orc wizards
  A wolf simulacrum (Crypt:4)
  41 worker ants
  A killer bee zombie (D:8)
  19 sheep
  A big kobold zombie (D:12)
  Jessica (D:2)
  A sky beast (shapeshifter) (Crypt:1)
  An ogre skeleton (D:6)
  9 boggarts
  A hound zombie (D:11)
  5 orange rat zombies (Hell)
  A hound skeleton (D:7)
  20 mummies
  A worker ant zombie (D:9)
  4 lemures
  62 adders
  5 giant centipedes
  13 green rats
  A worm zombie (Crypt:2)
  A shadow imp (Elf:3)
  5 giant mites
  A white imp (Lair:2)
  5 worms
  13 ufetubi (Elf:3)
  2 adder skeletons
  An iguana zombie (D:6)
  4 giant eyeballs
  6 giant geckos
  5 oozes
  220 orcs
  7 ball pythons
  20 bats
  A bat zombie (Crypt:3)
  6 giant cockroaches
  A gnoll zombie (Crypt:2)
  19 goblins
  24 hobgoblins
  22 jackals
  30 kobolds
  13 quokkas
  4 giant newts
  A giant newt zombie (Crypt:1)
  A giant spore (D:10)
  A goblin skeleton (Crypt:4)
  A goblin zombie (Crypt:1)
  3 human skeletons
  2 illusory rakshasas (D:20)
  A kobold skeleton (D:4)
  A kobold zombie (D:6)
  14 rats
  A rat skeleton (D:5)
  A ballistomycete (D:10)
  6 bushes
  9 crawling corpses
  15 fungi
  A macabre mass (Elf:3)
  32 plants
3706 creatures vanquished.

Vanquished Creatures (collateral kills)
  2 tentacled monstrosities (Swamp:5)
  A green death (Swamp:5)
  9 hydras
  An orc sorcerer (Orc:4)
  A black mamba (Lair:6)
  A giant leech (Swamp:5)
  2 bog bodies (Swamp:5)
  3 slime creatures
  A brown ooze (Slime:2)
  A golden eye (Slime:2)
  An orc warrior (Orc:2)
  A swamp worm (Swamp:5)
  3 nagas (Lair:5)
  A giant goldfish (Swamp:2)
  A crocodile (Lair:7)
  An agate snail (Lair:7)
  An eye of draining (Slime:2)
  A jelly (Slime:2)
  A giant eyeball (Slime:2)
33 creatures vanquished.

Vanquished Creatures (others)
  A tengu reaver (D:25)
  An angel (Slime:6)
  A draconian zealot (Zot:4)
  A skeletal warrior (Crypt:2)
  A deep troll (Swamp:5)
  A stone giant zombie (Crypt:4)
  A troll (Lair:5)
  A deep elf mage (Elf:1)
  3 two-headed ogres
  A wraith (Crypt:1)
  A deep elf fighter (Elf:3)
  An orc warrior (Vaults:4)
  7 ogres
  12 lost souls
  A giant frog (Swamp:5)
  A jellyfish (D:14)
  A giant frog skeleton (Crypt:2)
  An orc priest (Elf:3)
  A boggart (D:19)
  A mummy (Crypt:2)
  An orange rat (Elf:1)
  A human (Snake:2)
  2 butterflies (Lair:8)
  29 fungi
  12 plants (Lair:8)
84 creatures vanquished.

Grand Total: 3823 creatures vanquished

Notes
Turn   | Place    | Note
--------------------------------------------------------------
     0 | D:1      | HungrySpirit, the Minotaur Gladiator, began the quest for the Orb.
     0 | D:1      | Reached XP level 1. HP: 18/18 MP: 0/0
    26 | D:1      | Reached skill level 4 in Axes
    50 | D:1      | Reached XP level 2. HP: 12/25 MP: 0/0
   563 | D:1      | Reached skill level 5 in Axes
   975 | D:2      | Reached XP level 3. HP: 30/30 MP: 1/1
  1139 | D:2      | Noticed Jessica
  1149 | D:2      | Killed Jessica
  1176 | D:2      | Reached XP level 4. HP: 36/38 MP: 1/1
  1244 | D:2      | Reached skill level 6 in Axes
  1389 | D:2      | Noticed Sigmund
  1402 | D:2      | Killed Sigmund
  1402 | D:2      | Reached skill level 7 in Axes
  1402 | D:2      | Reached XP level 5. HP: 39/44 MP: 1/1
  2299 | D:3      | Found a bloodstained altar of Trog.
  2520 | D:3      | Noticed a sky beast
  2534 | D:3      | Killed a sky beast
  2534 | D:3      | Reached skill level 8 in Axes
  2534 | D:3      | Reached XP level 6. HP: 42/50 MP: 2/2
  2629 | D:3      | Became a worshipper of Trog the Wrathful
  3302 | D:4      | Reached skill level 9 in Axes
  3473 | D:4      | Acquired Trog's first power
  3514 | D:4      | Noticed hurdos' ghost (average DsFE)
  3520 | D:4      | Killed hurdos' ghost
  3520 | D:4      | Reached XP level 7. HP: 51/57 MP: 2/2
  3563 | D:4      | Reached skill level 10 in Axes
  4123 | D:5      | Entered Level 5 of the Dungeon
  4124 | D:5      | Found a blossoming altar of Fedhas.
  4488 | D:5      | Acquired Trog's second power
  4574 | D:5      | Reached skill level 11 in Axes
  4623 | D:5      | Reached XP level 8. HP: 54/63 MP: 2/2
  4854 | D:5      | Reached skill level 17 in Axes
  4854 | D:5      | Reached XP level 9. HP: 69/69 MP: 3/3
  4891 | D:6      | Noticed Prince Ribbit
  4910 | D:6      | Killed Prince Ribbit
  4910 | D:6      | Reached skill level 1 in Armour
  5082 | D:6      | Found Amiops' Book Shop.
  5438 | D:6      | Found a staircase to the Ecumenical Temple.
  5767 | Temple   | Entered the Ecumenical Temple
  5899 | D:6      | Noticed Duvessa
  5900 | D:6      | Noticed Dowan
  5907 | D:6      | Killed Duvessa
  5908 | D:6      | Killed Dowan
  5992 | D:6      | Noticed Pikel
  6000 | D:6      | Killed Pikel
  6000 | D:6      | Reached skill level 5 in Fighting
  6132 | D:6      | Found a burning altar of Makhleb.
  6315 | D:7      | Found an iron altar of Okawaru.
  6320 | D:7      | Reached skill level 5 in Armour
  6536 | D:7      | Reached XP level 10. HP: 74/81 MP: 3/3
  6575 | D:7      | Acquired Trog's third power
  6812 | D:7      | Found a bloodstained altar of Trog.
  7858 | D:9      | Found a white marble altar of Elyvilon.
  7861 | D:9      | Found a glowing silver altar of Zin.
  7886 | D:9      | Found Stuushro's Jewellery Shoppe.
  7908 | D:9      | Bought an uncursed amulet of resist corrosion for 280 gold pieces
  7972 | D:9      | Found a deep blue altar of Sif Muna.
  8118 | D:10     | Entered Level 10 of the Dungeon
  8145 | D:10     | Paralysed by a giant eyeball for 2 turns
  8265 | D:10     | Found a staircase to the Orcish Mines.
  8516 | D:10     | Received a gift from Trog
  8978 | D:10     | Found Xabin's Food Boutique.
  9491 | D:11     | Reached XP level 11. HP: 81/91 MP: 3/3
  9707 | D:11     | Noticed a cyclops
  9719 | D:11     | Killed a cyclops
  9941 | D:11     | Found a deep blue altar of Sif Muna.
 10797 | D:13     | Noticed Urug
 10812 | D:13     | Killed Urug
 11338 | D:13     | Found a shimmering altar of Xom.
 11390 | D:13     | Reached skill level 10 in Fighting
 11529 | D:13     | Found a staircase to the Lair.
 11537 | D:13     | Noticed a hill giant
 11541 | D:13     | Killed a hill giant
 11543 | D:13     | Reached skill level 10 in Armour
 12246 | Lair:1   | Entered Level 1 of the Lair of Beasts
 12619 | Lair:1   | Paralysed by you for 2 turns
 12650 | Lair:1   | Reached XP level 12. HP: 88/104 MP: 4/4
 12845 | Lair:1   | Noticed a four-headed hydra
 12849 | Lair:1   | Killed a four-headed hydra
 12972 | Lair:1   | Received a gift from Trog
 14704 | Lair:3   | Reached skill level 18 in Axes
 14725 | Lair:3   | Found a staircase to the Swamp.
 15375 | Lair:4   | Received a gift from Trog
 15378 | Lair:4   | Got a steaming executioner's axe {god gift}
 15379 | Lair:4   | Identified the executioner's axe of Qaimaxoc {god gift, freeze, Int+2} (Trog gifted it to you on level 4 of the Lair of Beasts)
 15555 | Lair:4   | Noticed Maud
 15568 | Lair:4   | Killed Maud
 15649 | Lair:4   | Found a staircase to the Swamp.
 16595 | Lair:5   | Noticed a seven-headed hydra
 16603 | Lair:5   | Killed a seven-headed hydra
 16632 | Lair:5   | Found a staircase to the Snake Pit.
 17052 | Lair:6   | Reached XP level 13. HP: 103/114 MP: 4/4
 17230 | Lair:6   | HP: 8/171 [boulder beetle (25)]
 17231 | Lair:6   | Reached skill level 19 in Axes
 17664 | Lair:6   | Noticed a five-headed hydra
 17678 | Lair:6   | Killed a five-headed hydra
 17917 | Lair:6   | Noticed a four-headed hydra
 17933 | Lair:6   | Killed a five-headed hydra
 17947 | Lair:6   | Received a gift from Trog
 18291 | Lair:6   | Found a staircase to the Slime Pits.
 19088 | Lair:7   | Found a deep blue altar of Sif Muna.
 19302 | Lair:8   | Entered Level 8 of the Lair of Beasts
 19541 | Lair:8   | Reached skill level 20 in Axes
 19864 | Lair:8   | Received a gift from Trog
 20503 | Lair:8   | Received a gift from Trog
 21256 | Lair:8   | Reached XP level 14. HP: 76/125 MP: 4/4
 21901 | Lair:8   | Reached skill level 21 in Axes
 22802 | Lair:8   | Got a pair of bloodstained boots
 22814 | Lair:8   | Identified the cursed -2 pair of boots of Mirth {Str-3 Dam-3 Stlth+} (You found it on level 8 of the Lair of Beasts)
 22836 | Lair:8   | Reached skill level 15 in Fighting
 23261 | Orc:1    | Entered Level 1 of the Orcish Mines
 23263 | Orc:1    | Noticed Blork the orc
 23280 | Orc:1    | Killed Blork the orc
 23492 | Orc:1    | Received a gift from Trog
 23513 | Orc:1    | Got a faintly glowing battleaxe {god gift}
 23514 | Orc:1    | Identified the battleaxe "Schuyhoq" {god gift, chop, rElec rPois rN+} (Trog gifted it to you on level 1 of the Orcish Mines)
 23570 | Orc:1    | Found a radiant altar of Vehumet.
 23790 | Orc:2    | Noticed Harold
 23800 | Orc:2    | Killed Harold
 24014 | Orc:2    | Noticed an orc warlord
 24030 | Orc:2    | Killed an orc warlord
 24300 | Orc:2    | Found a roughly hewn altar of Beogh.
 24788 | Orc:2    | Received a gift from Trog
 25213 | Orc:3    | Noticed Bloax's ghost (experienced GrMo)
 25218 | Orc:3    | Killed Bloax's ghost
 25378 | Orc:3    | Found a staircase to the Elven Halls.
 25604 | Orc:4    | Entered Level 4 of the Orcish Mines
 25711 | Orc:4    | Received a gift from Trog
 26183 | Orc:4    | Reached skill level 22 in Axes
 26881 | Orc:4    | Found Gunkiuw's Armour Boutique.
 26882 | Orc:4    | Found Luihuxyu's Antique Weapon Shoppe.
 26883 | Orc:4    | Found Aceid's Armour Boutique.
 26884 | Orc:4    | Found Fekahyh's Book Shoppe.
 26945 | Orc:4    | Received a gift from Trog
 26948 | Orc:4    | Got a bloodstained battleaxe {god gift}
 26949 | Orc:4    | Identified the battleaxe of Disembowelment {god gift, elec, MR++ Int+2} (Trog gifted it to you on level 4 of the Orcish Mines)
 26996 | Orc:4    | Found a roughly hewn altar of Beogh.
 27372 | Snake:1  | Entered Level 1 of the Snake Pit
 27937 | Snake:1  | Received a gift from Trog
 28759 | Snake:1  | Reached XP level 15. HP: 82/136 MP: 5/5
 29375 | Snake:2  | Noticed Wiglaf
 29388 | Snake:2  | Killed Wiglaf
 29506 | Snake:2  | Received a gift from Trog
 29688 | Snake:2  | Noticed Kirke
 29694 | Snake:2  | Killed Kirke
 29694 | Snake:2  | Reached skill level 23 in Axes
 30286 | Snake:2  | Received a gift from Trog
 30473 | Snake:3  | Got a pair of shimmering boots
 30476 | Snake:3  | Identified the cursed +0 pair of boots "Pauweyw" {rElec rF+ rC+} (You found it on level 3 of the Snake Pit)
 31514 | Lair:1   | Gained mutation: You possess an exceptional clarity of mind. [potion of mutation]
 31514 | Lair:1   | Gained mutation: Your flesh is heat resistant. [potion of mutation]
 31514 | Lair:1   | Gained mutation: Armour fits poorly on your strangely shaped body. [potion of mutation]
 31515 | Lair:1   | Gained mutation: You have a pair of large horns on your head. [potion of mutation]
 31515 | Lair:1   | Lost mutation: You have a pair of large horns on your head. [potion of mutation]
 31515 | Lair:1   | Gained mutation: Your digestive system is specialised to digest meat. [potion of mutation]
 31516 | Lair:1   | Gained mutation: You are weak. (Str -2) [potion of mutation]
 31516 | Lair:1   | Gained mutation: You are dopey. (Int -2) [potion of mutation]
 31517 | Lair:1   | Lost mutation: You are weak. (Str -2) [potion of cure mutation]
 31517 | Lair:1   | Lost mutation: You are dopey. (Int -2) [potion of cure mutation]
 31517 | Lair:1   | Lost mutation: You possess an exceptional clarity of mind. [potion of cure mutation]
 31517 | Lair:1   | Lost mutation: Armour fits poorly on your strangely shaped body. [potion of cure mutation]
 31517 | Lair:1   | Lost mutation: Your flesh is heat resistant. [potion of cure mutation]
 31518 | Lair:1   | Gained mutation: You possess an exceptional clarity of mind. [potion of beneficial mutation]
 32304 | Snake:4  | Reached skill level 24 in Axes
 32715 | Snake:5  | Entered Level 5 of the Snake Pit
 32715 | Snake:5  | Found Criy's Antique Weapon Emporium.
 32821 | Snake:5  | Received a gift from Trog
 34287 | Snake:5  | Received a gift from Trog
 34305 | Snake:5  | Reached XP level 16. HP: 134/146 MP: 5/5
 34339 | Snake:5  | Noticed Margery
 34393 | Snake:5  | Killed Margery
 34398 | Snake:5  | Reached skill level 25 in Axes
 35764 | Snake:5  | Received a gift from Trog
 36153 | Snake:5  | Got a serpentine rune of Zot
 36454 | Swamp:1  | Entered Level 1 of the Swamp
 36618 | Swamp:1  | Noticed Louise
 36637 | Swamp:1  | Killed Louise
 36645 | Swamp:1  | Reached skill level 26 in Axes
 36945 | Swamp:1  | Received a gift from Trog
 37860 | Swamp:2  | Noticed Apsalar's ghost (powerful MiFi)
 37876 | Swamp:2  | Killed Apsalar's ghost
 38480 | Swamp:3  | Received a gift from Trog
 38710 | Swamp:3  | Noticed Rupert
 38721 | Swamp:3  | Killed Rupert
 38828 | Swamp:3  | Reached XP level 17. HP: 93/154 MP: 5/5
 39939 | Swamp:4  | Received a gift from Trog
 40461 | Swamp:5  | Entered Level 5 of the Swamp
 40529 | Swamp:5  | Noticed a tentacled monstrosity
 40540 | Swamp:5  | Killed a tentacled monstrosity
 41272 | Swamp:5  | Received a gift from Trog
 42043 | Swamp:5  | Noticed a tentacled monstrosity
 42057 | Swamp:5  | Killed a tentacled monstrosity
 42096 | Swamp:5  | Got a decaying rune of Zot
 42455 | D:14     | Entered Level 14 of the Dungeon
 42478 | D:14     | Found a labyrinth entrance.
 42486 | D:14     | the labyrinth entrance was a mimic.
 42489 | D:14     | Noticed Fannar
 42496 | D:14     | Killed Fannar
 42563 | D:14     | Noticed Nessos
 42578 | D:14     | Killed Nessos
 42765 | D:14     | Noticed Roxanne
 42810 | D:14     | Noticed Erica
 42822 | D:14     | Killed Erica
 42862 | D:14     | Noticed Deemzul's ghost (powerful OpBe)
 42870 | D:14     | Killed Deemzul's ghost
 43341 | D:15     | Entered Level 15 of the Dungeon
 43341 | D:15     | Found Voygo's Magic Scroll Shop.
 43769 | D:15     | Found Equoses' Assorted Antiques.
 43810 | D:15     | Found Stralatre's Elemental Accessories.
 44278 | D:16     | Found a shattered altar of Ashenzari.
 44468 | D:16     | Received a gift from Trog
 44763 | D:16     | Got a wavering jade ring
 44769 | D:16     | Identified the ring of Khucuips {+Fly rC+ Stlth-} (You found it on level 16 of the Dungeon)
 44918 | D:17     | Reached XP level 18. HP: 163/170 MP: 6/6
 45019 | D:17     | Found Eclyot's Gadget Emporium.
 45043 | D:17     | Got a pair of slimy gloves
 45048 | D:17     | Identified the cursed -5 pair of gloves "Smoodek" {+Blink +Fly Int+4 Acc+4 Curse} (You found it on level 17 of the Dungeon)
 45066 | D:17     | Found Cauddac's Armour Shop.
 45204 | D:17     | Found Gaapp's Armour Boutique.
 45367 | D:17     | Found Mnitt's Jewellery Boutique.
 45372 | D:17     | Found Curam's Armour Boutique.
 45567 | D:18     | Received a gift from Trog
 45906 | D:18     | Found a glowing golden altar of the Shining One.
 46101 | D:18     | Found Tuidy's Book Emporium.
 46351 | D:18     | Found a staircase to the Vaults.
 46364 | D:18     | Identified a scroll of acquirement
 46409 | Vaults:1 | Entered Level 1 of the Vaults
 46481 | Vaults:1 | Received a gift from Trog
 46645 | Vaults:1 | Reached skill level 15 in Armour
 46778 | Vaults:1 | Received a gift from Trog
 47762 | Vaults:1 | Noticed Erolcha
 47770 | Vaults:1 | Noticed Snorg
 47786 | Vaults:1 | Killed Snorg
 48099 | Vaults:1 | Received a gift from Trog
 48142 | Vaults:1 | Killed Erolcha
 48321 | Vaults:2 | Reached XP level 19. HP: 121/184 MP: 6/6
 48838 | Vaults:2 | Found a staircase to the Crypt.
 49001 | Vaults:2 | Noticed Boris
 49333 | Vaults:2 | Killed Boris
 49476 | Vaults:2 | Received a gift from Trog
 50385 | Vaults:2 | Received a gift from Trog
 50569 | Vaults:3 | Found a staircase to the Hall of Blades.
 50576 | Blade    | Entered the Hall of Blades
 50601 | Vaults:3 | Noticed Boris
 50609 | Vaults:3 | Killed Boris
 52002 | Vaults:3 | Received a gift from Trog
 52029 | Vaults:3 | Reached XP level 20. HP: 69/199 MP: 6/6
 53609 | Vaults:4 | Received a gift from Trog
 53709 | Vaults:4 | Got a faintly glowing battleaxe {god gift}
 53710 | Vaults:4 | Identified the battleaxe "Twoshruc" {god gift, speed, rPois Stlth++} (Trog gifted it to you on level 4 of the Vaults)
 53770 | Vaults:4 | Noticed Mara
 53787 | Vaults:4 | Noticed HungrySpirit's illusion
 54258 | Vaults:4 | Found a gateway to a bazaar.
 54265 | Vaults:4 | Received a gift from Trog
 54286 | Bazaar   | Entered a bazaar
 54286 | Bazaar   | Found Atem's Antique Weapon Emporium.
 54286 | Bazaar   | Found Qaysh's Assorted Antiques.
 54286 | Bazaar   | Found Shrueto's Armour Shoppe.
 54287 | Bazaar   | Found Lacviat's Jewellery Emporium.
 54302 | Bazaar   | Bought the amulet "Uvah" {Cons +Blink Dex+2} for 467 gold pieces
 54339 | Vaults:4 | Cast into the Abyss (ogre mage)
 54364 | Abyss:2  | Gained mutation: You are frail (-10% HP). [a neqoxec]
 54428 | Vaults:4 | Escaped the Abyss
 54722 | Vaults:4 | Killed Mara
 55030 | Vaults:4 | Received a gift from Trog
 55690 | Vaults:5 | Entered Level 5 of the Vaults
 56185 | Vaults:4 | Reached XP level 21. HP: 180/191 MP: 7/7
 56266 | Vaults:4 | Received a gift from Trog
 58080 | Vaults:5 | Received a gift from Trog
 58228 | Vaults:5 | Reached skill level 27 in Fighting
 58823 | Vaults:5 | Got a jewelled battleaxe
 58824 | Vaults:5 | Identified the +2,+8 battleaxe of the Enemy {venom, rF+ SInv} (You found it on level 5 of the Vaults)
 58854 | Vaults:5 | Found Qigitap's Magical Wand Emporium.
 59343 | Vaults:5 | Reached skill level 27 in Axes
 59432 | Vaults:5 | Found Enopsi's General Store.
 61058 | Vaults:5 | Got a silver rune of Zot
 61208 | Vaults:5 | Found Magawia's Food Shop.
 61364 | Vaults:5 | Received a gift from Trog
 61475 | Vaults:5 | Reached XP level 22. HP: 192/204 MP: 7/7
 61499 | Vaults:5 | Found Shasuleo's Distillery.
 61499 | Vaults:5 | Found Cleam's Food Shoppe.
 61513 | Vaults:5 | Bought a royal jelly for 144 gold pieces
 61537 | Vaults:5 | Bought a potion of curing for 42 gold pieces
 61537 | Vaults:5 | Bought a potion of curing for 42 gold pieces
 61537 | Vaults:5 | Bought a potion of heal wounds for 63 gold pieces
 61537 | Vaults:5 | Bought a potion of curing for 42 gold pieces
 61537 | Vaults:5 | Bought a potion of curing for 42 gold pieces
 61537 | Vaults:5 | Bought a potion of speed for 115 gold pieces
 61855 | D:19     | Found a glowing golden altar of the Shining One.
 61956 | D:19     | Gained mutation: You are clumsy. (Dex -2) [potion of mutation]
 61956 | D:19     | Gained mutation: You are covered in fur (AC +1). [potion of mutation]
 61957 | D:19     | Lost mutation: You possess an exceptional clarity of mind. [potion of cure mutation]
 61957 | D:19     | Lost mutation: You are clumsy. (Dex -2) [potion of cure mutation]
 61957 | D:19     | Lost mutation: You are frail (-10% HP). [potion of cure mutation]
 61957 | D:19     | Lost mutation: You are covered in fur (AC +1). [potion of cure mutation]
 61957 | D:19     | Lost mutation: Your digestive system is specialised to digest meat. [potion of cure mutation]
 62500 | D:20     | Entered Level 20 of the Dungeon
 62623 | D:20     | Received a gift from Trog
 63328 | D:21     | Noticed Sojobo
 63383 | D:21     | Killed Sojobo
 63482 | D:21     | Found a gateway to Hell.
 63512 | D:21     | Noticed Saint Roka
 63521 | D:21     | Received a gift from Trog
 63539 | D:21     | Killed Saint Roka
 63719 | D:21     | Found Pasmeze's Jewellery Shop.
 63808 | D:21     | Found a deep blue altar of Sif Muna.
 64000 | D:21     | Got a warped golden amulet
 64004 | D:21     | Identified the amulet "Malipry" {Ward Dex-1 Int+5 Acc+5} (You found it on level 21 of the Dungeon)
 64214 | D:21     | Found a one-way gate to the infinite horrors of the Abyss.
 64616 | D:22     | Gained mutation: You are somewhat resistant to further mutation. [potion of beneficial mutation]
 64815 | D:22     | Received a gift from Trog
 65270 | D:23     | Paralysed by a sphinx for 5 turns
 65419 | D:23     | Found Jiceusar's Antique Weapon Shoppe.
 65534 | D:23     | Received a gift from Trog
 65545 | D:23     | Found a one-way gate leading to the halls of Pandemonium.
 65700 | D:23     | Got a twitching golden ring
 65701 | D:23     | Identified the ring of Gooso {rPois Str+3 Acc+5} (You found it on level 23 of the Dungeon)
 66234 | D:24     | Found a glowing silver altar of Zin.
 66598 | D:24     | Received a gift from Trog
 66677 | D:24     | Found Ysujej's Magical Wand Shop.
 66888 | D:24     | Reached XP level 23. HP: 184/235 MP: 7/7
 67163 | D:25     | Entered Level 25 of the Dungeon
 67440 | D:25     | Found Etaco's Weapon Emporium.
 67496 | D:25     | Received a gift from Trog
 68141 | D:25     | Received a gift from Trog
 69236 | D:26     | Got a scintillating lead ring
 69269 | D:26     | Received a gift from Trog
 69442 | D:26     | Identified the ring of Pymyith {MR Int-3 Acc+4} (You took it off an orc warrior on level 26 of the Dungeon)
 69483 | D:26     | Reached skill level 27 in Armour
 69521 | D:26     | Reached skill level 5 in Dodging
 69613 | D:26     | Noticed Frederick
 69622 | D:26     | Killed Frederick
 69622 | D:26     | Reached XP level 24. HP: 246/246 MP: 8/8
 69868 | D:27     | Entered Level 27 of the Dungeon
 70073 | D:27     | Received a gift from Trog
 70359 | D:27     | Noticed Frances
 70371 | D:27     | Killed Frances
 70441 | D:27     | Noticed Boris
 70453 | D:27     | Killed Boris
 70453 | D:27     | Reached skill level 10 in Dodging
 70825 | Zot:1    | Entered Level 1 of the Realm of Zot
 71726 | Zot:2    | Received a gift from Trog
 72552 | Zot:3    | Reached skill level 15 in Dodging
 73190 | Zot:3    | Reached XP level 25. HP: 167/255 MP: 8/8
 73679 | Zot:4    | Received a gift from Trog
 73687 | Zot:4    | Got a shimmering battleaxe {god gift}
 74926 | Elf:1    | Entered Level 1 of the Elven Halls
 74954 | Elf:1    | Found a radiant altar of Vehumet.
 75028 | Elf:1    | Received a gift from Trog
 75809 | Elf:2    | Found a flickering gateway to a bazaar.
 75819 | Bazaar   | Entered a bazaar
 75819 | Bazaar   | Found Cyad's Antique Weapon Boutique.
 75819 | Bazaar   | Found Ugeschah's Antique Weapon Shop.
 75820 | Bazaar   | Found Sakkacsi's Jewellery Shoppe.
 75821 | Bazaar   | Found Pnaw's Assorted Antiques.
 75821 | Bazaar   | Found Cowywkam's General Store.
 75876 | Bazaar   | Bought a +0,+5 ring of slaying for 1167 gold pieces
 75913 | Elf:2    | Received a gift from Trog
 75942 | Elf:2    | Noticed Jorgrun
 75952 | Elf:2    | Killed Jorgrun
 76285 | Elf:2    | Noticed Nikola
 76292 | Elf:2    | Killed Nikola
 76428 | Elf:3    | Entered Level 3 of the Elven Halls
 76906 | Elf:3    | Received a gift from Trog
 78474 | Elf:3    | Received a gift from Trog
 78630 | Elf:3    | Got a transparent lead ring
 78635 | Elf:3    | Identified the ring "Jeogryu" {+Rage SInv} (You found it on level 3 of the Elven Halls)
 78644 | Elf:3    | Gained mutation: You are partially covered in rough black scales (AC +4, Dex -1). [potion of beneficial mutation]
 78894 | Elf:2    | Upgraded the game from 0.13.0-3-g966e3ec to 0.13.0-5-g7e31f0a
 79185 | Temple   | Fell from the grace of Trog
 79185 | Temple   | Became a worshipper of the Shining One
 79806 | Crypt:1  | Entered Level 1 of the Crypt
 79815 | Crypt:1  | Found a magical portal.
 79829 | WizLab   | Entered a wizard's laboratory
 80146 | Crypt:1  | Acquired the Shining One's first power
 80567 | Crypt:1  | Noticed Xtahua
 80576 | Crypt:1  | Killed Xtahua
 80949 | Crypt:2  | Acquired the Shining One's second power
 81067 | Crypt:2  | Noticed Mennas
 81123 | Crypt:2  | Reached skill level 1 in Invocations
 81272 | Crypt:2  | Found a staircase to the Tomb.
 81553 | Crypt:2  | Reached XP level 26. HP: 250/265 MP: 18/21
 81710 | Crypt:3  | Noticed Jory
 81724 | Crypt:3  | Killed Jory
 81724 | Crypt:3  | Reached skill level 5 in Invocations
 81806 | Crypt:3  | Acquired the Shining One's third power
 81974 | Crypt:3  | Identified the Reference Book on Lucky Necromancy
 82080 | Crypt:3  | Acquired the Shining One's fourth power
 82929 | Crypt:5  | Entered Level 5 of the Crypt
 83039 | Crypt:5  | Reached skill level 10 in Invocations
 83685 | Crypt:5  | Found an ancient bone altar of Kikubaaqudgha.
 84077 | Crypt:5  | Paralysed by a sphinx for 7 turns
 84141 | Crypt:5  | Identified the Handbook of Confrontation
 84254 | Crypt:5  | Got a flickering bone ring
 84272 | Crypt:5  | Identified the ring of Logyeno {rPois Int+3 Stlth++} (You found it on level 5 of the Crypt)
 85176 | Temple   | Identified a +7,+7 executioner's axe of holy wrath (a +7,+7 vampiric executioner's axe blessed by the Shining One)
 85692 | Slime:1  | Entered Level 1 of the Pits of Slime
 85785 | Slime:2  | Noticed Dissolution
 85798 | Slime:2  | Paralysed by a giant eyeball for 4 turns
 85811 | Slime:2  | Paralysed by a giant eyeball for 3 turns
 85823 | Slime:1  | Paralysed by a great orb of eyes for 4 turns
 85827 | Slime:1  | HP: 12/266 [slime creature (6)]
 86324 | Slime:2  | Killed Dissolution
 86327 | Slime:2  | Paralysed by a giant eyeball for 3 turns
 86723 | Slime:3  | Paralysed by a giant eyeball for 4 turns
 86730 | Slime:3  | Paralysed by a giant eyeball for 4 turns
 86865 | Slime:6  | Entered Level 6 of the Pits of Slime
 87028 | Slime:6  | Paralysed by a giant eyeball for 3 turns
 87039 | Slime:6  | Paralysed by a giant eyeball for 4 turns
 87081 | Slime:6  | Noticed the royal jelly
 87090 | Slime:6  | Killed the royal jelly
 87107 | Slime:6  | Gained mutation: You have a fast metabolism. [a shining eye]
 87602 | Slime:6  | Got a brightly glowing jade ring
 87636 | Slime:6  | Reached skill level 15 in Invocations
 87656 | Slime:6  | Got a slimy rune of Zot
 87970 | Lair:1   | Identified the ring "Twennais" {+Fly Str+3 Dex+4 Int+3} (You found it on level 6 of the Pits of Slime)
 88220 | Hell     | Entered the Vestibule of Hell
 88220 | Hell     | Noticed Geryon
 88226 | Hell     | Killed Geryon
 88226 | Hell     | Reached XP level 27. HP: 262/276 MP: 36/36
 88266 | Hell     | Found a gateway to the ashen valley of Gehenna.
 88358 | Hell     | Found a gateway to the Iron City of Dis.
 88411 | Hell     | Found a gateway to the freezing wastes of Cocytus.
 88542 | Hell     | Found a gateway to the decaying netherworld of Tartarus.
 88690 | Tar:1    | Entered Level 1 of Tartarus
 88894 | Tar:5    | Mangled by an iron troll

Action                   |  1- 3 |  4- 6 |  7- 9 | 10-12 | 13-15 | 16-18 | 19-21 | 22-24 | 25-27 || total
-------------------------+-------+-------+-------+-------+-------+-------+-------+-------+-------++-------
Melee: Hand axe          |    80 |   139 |   230 |       |       |       |       |       |       ||   449
       Battleaxe         |       |       |    75 |   718 |   925 |  1385 |   780 |   635 |       ||  4518
       Executioner's axe |       |       |       |    78 |   444 |       |   300 |   881 |  1489 ||  3192
Throw: Throwing net      |       |       |       |     3 |       |       |       |       |       ||     3
Invok: Berserk           |       |     1 |     2 |     7 |     5 |     7 |     7 |     5 |       ||    34
       Burn Spellbooks   |       |       |       |     6 |     3 |     6 |     7 |     6 |     3 ||    31
       Brothers in Arms  |       |       |       |     3 |    15 |    10 |       |     1 |       ||    29
       Trog's Hand       |       |       |       |     1 |     2 |     6 |       |       |       ||     9
       Summon Divine War |       |       |       |       |       |       |       |       |     3 ||     3
       Divine Shield     |       |       |       |       |       |       |       |       |     1 ||     1
 Abil: Evoke Flight      |       |       |       |     1 |       |       |       |       |       ||     1
Evoke: Wand              |       |       |     2 |    12 |     4 |     6 |     7 |     4 |     4 ||    39
       Miscellaneous     |       |       |       |       |       |       |       |       |     1 ||     1
  Use: Scroll            |       |       |    15 |    10 |    17 |    12 |    11 |     8 |    54 ||   127
       Potion            |       |       |     1 |       |    10 |     2 |     5 |     5 |    15 ||    38
 Stab: Distracted        |       |       |       |       |     2 |     2 |       |       |       ||     4
       Fleeing           |       |       |       |       |       |       |     1 |       |     2 ||     3
